 Dungeon Crawl Stone Soup version 0.31-a0-620-gd1cbd99268 (webtiles) character file.

Game seed: 5266262451988435367

2243 avis the Cleaver (level 9, 0/74 HPs)
             Began as a Hill Orc Monk on Aug 23, 2023.
             Was a Believer of Beogh.
             Succumbed to a hornet's poison
             ... on level 6 of the Dungeon on Aug 24, 2023.
             The game lasted 00:25:11 (5378 turns).

avis the Cleaver (Hill Orc Monk)                    Turns: 5378, Time: 00:25:11

Health: 0/74       AC: 13    Str: 18    XL:     9   Next: 37%
Magic:  12/12      EV:  6    Int: 16    God:    Beogh [**....]
Gold:   346        SH:  5    Dex: 19    Spells: 8/8 levels left

rFire   + . .        a - +0 war axe
rCold   + . .        d - orb {light}
rNeg    . . .        z - +0 plate armour
rPois   +            f - +0 helmet
rElec   +            (no cloak)
rCorr   +            r - +0 pair of gloves
SInv    .            (no boots)
Will    +....        y - amulet of reflection Stlth
                     g - +6 ring of intelligence
HPRegen 0.32/turn    u - +6 ring of dexterity
MPRegen 0.13/turn

%: reflection
@: lethally poisoned (0 -> -2), resistant, slowed, glowing, very slow
A: strong-willed 1, inability to read after injury 1, MP-powered wands
a: Renounce Religion, Smiting


You were on level 6 of the Dungeon.
You worshipped Beogh.
Beogh was pleased with you.
You visited 2 branches of the dungeon, and saw 7 of its levels.

You collected 346 gold pieces.

Inventory:

Hand Weapons
 a - a +0 war axe (weapon)
 b - a +0 sling
 x - a +0 hand axe
Armour
 c - a +0 plate armour
 d - an orb of light (worn)
 f - a +0 helmet (worn)
 r - a +0 pair of gloves (worn)
 z - a +0 plate armour (worn)
Jewellery
 g - a +6 ring of intelligence (left hand)
 j - an amulet of the acrobat
 u - a +6 ring of dexterity (right hand)
 y - an amulet of reflection (around neck)
Wands
 A - a wand of charming (21)
Scrolls
 h - 3 scrolls of teleportation
 i - a scroll of brand weapon {unknown}
 k - 2 scrolls of enchant weapon {unknown}
 l - a scroll of vulnerability {unknown}
 o - a scroll of enchant armour {unknown}
 q - 2 scrolls of blinking {unknown}
 s - 4 scrolls of identify {unknown}
 t - a scroll of amnesia {unknown}
Potions
 e - 2 potions of attraction
 n - a potion of magic
 v - a potion of mutation
 w - a potion of berserk rage {unknown}


   Skills:
 + Level 5.6 Fighting
 * Level 13.7 Axes
 - Level 3.0 Armour
 - Level 3.0 Dodging
 + Level 5.1 Invocations


You had 8 spell levels left.
You didn't know any spells.
Your spell library was empty.

Dungeon Overview and Level Annotations

Branches:
Dungeon (6/15)             Temple (1/1) D:5

Altars:
Ashenzari
Cheibriados
Dithmenos
Elyvilon
Fedhas
Gozag
Hepliaklqana
Kikubaaqudgha
Makhleb
Qazlal
Ru
Sif Muna
Trog
Vehumet
Wu Jian
Xom
The Shining One

Annotations:
D:3 1 runed translucent door, Age's ghost, amateur MiFi


Innate Abilities, Weirdness & Mutations

You are strong-willed. (Will+)
You occasionally lose the ability to read scrolls when taking damage.
You expend magic power (3 MP) to strengthen your wands.


Message History

The hornet is almost dead.
You feel very sick. The hornet stings you.
You feel as though you will be slow longer.
The hornet stings you.
You feel as though you will be slow longer.
You hit the hornet but do no damage.
The hornet is almost dead.
You feel very sick. The hornet stings you.
You are more poisoned.
You feel as though you will be slow longer.
The hornet stings you but does no damage.
You hit the hornet.
The hornet is almost dead.
You feel very sick. The hornet barely misses you.
The hornet closely misses you.
You hit the hornet.
The hornet is almost dead.
You feel very sick.
The hornet stings you but does no damage.
You closely miss the hornet.
The hornet is almost dead.
You feel sick.
The hornet stings you but does no damage.
The hornet stings you!
* * * LOW HITPOINT WARNING * * *
You feel as though you will be slow longer.
You slash the hornet!
You kill the hornet!
Beogh accepts your kill.
* * * LOW HITPOINT WARNING * * *
You feel very sick.
Your Invocations skill increases to level 5!
It was a potion of magic.
Magic courses through your body.
* * * LOW HITPOINT WARNING * * *
You feel sick.
You feel protected.
You can read scrolls again.
You die...

. . . . . #+#
#.#
##############
#<#
+.......@....#
###
####(#######...#
#######.# .
#.......#
#....#### #....#
#....# #†...#
#.####


There were no monsters in sight!

Vanquished Creatures
  Maggie (D:6)
  A hornet (D:6)
  Prince Ribbit (D:6)
  A wyvern (D:5)
  Menkaure (D:3)
  2 water moccasins (D:5)
  An ogre (D:5)
  2 phantoms
  Blork the orc (D:3)
  A bullfrog (D:6)
  4 wights (D:6)
  2 scorpions
  2 hounds
  3 iron imps
  A sleepcap (D:5)
  5 iguanas
  8 adders
  3 orcs
  7 endoplasms
  4 goblins
  6 hobgoblins
  4 jackals (D:2)
  A quokka (D:3)
  7 ball pythons
  6 bats
  2 frilled lizards (D:1)
  5 kobolds
  3 rats
85 creatures vanquished.

Notes
Turn   | Place    | Note
-------+----------+-------------------------------------------
     0 | D:1      | avis the Hill Orc Monk began the quest for the Orb.
     0 | D:1      | Reached XP level 1. HP: 19/19 MP: 1/1
   114 | D:1      | Reached XP level 2. HP: 10/27 MP: 2/2
   742 | D:2      | Reached skill level 5 in Axes
   954 | D:2      | Reached XP level 3. HP: 27/33 MP: 3/3
  1311 | D:3      | Found a sacrificial altar of Ru.
  1341 | D:3      | Found a radiant altar of Vehumet.
  1487 | D:3      | Found a runed translucent door.
  1492 | D:3      | Noticed Age's ghost (amateur MiFi)
  1526 | D:3      | Reached XP level 4. HP: 41/41 MP: 4/4
  1595 | D:3      | Found a shadowy altar of Dithmenos.
  1604 | D:3      | Became a worshipper of Beogh the Brigand
  1604 | D:3      | Reached * piety under Beogh
  1604 | D:3      | Reached ** piety under Beogh
  1967 | D:4      | Noticed Menkaure
  1994 | D:3      | Reached skill level 6 in Axes
  2025 | D:4      | Noticed Blork the orc
  2036 | D:3      | Killed Blork the orc
  2037 | D:3      | Reached skill level 5 in Fighting
  2037 | D:3      | Reached XP level 5. HP: 35/48 MP: 5/5
  2095 | D:3      | Reached skill level 7 in Axes
  2247 | D:3      | Reached skill level 1 in Armour
  2247 | D:3      | Reached XP level 6. HP: 35/56 MP: 6/6
  2344 | D:3      | Killed Menkaure
  2345 | D:3      | Reached skill level 8 in Axes
  2825 | D:4      | Found a stormy altar of Qazlal.
  3002 | D:4      | Found a burning altar of Makhleb.
  3052 | D:3      | Reached skill level 9 in Axes
  3052 | D:3      | Reached XP level 7. HP: 60/61 MP: 7/7
  3305 | D:5      | Entered Level 5 of the Dungeon
  3339 | D:5      | Found a hazy altar of Hepliaklqana.
  3478 | D:5      | Found a snail-covered altar of Cheibriados.
  3603 | D:5      | Reached skill level 10 in Axes
  3860 | D:5      | Noticed a wyvern
  3869 | D:5      | Killed a wyvern
  3870 | D:5      | Reached skill level 11 in Axes
  3870 | D:5      | Reached XP level 8. HP: 35/68 MP: 8/8
  3994 | D:5      | Found a broken altar of Ashenzari.
  4041 | D:5      | Found an opulent altar of Gozag.
  4104 | D:5      | Found a bloodstained altar of Trog.
  4236 | D:5      | Reached skill level 1 in Invocations
  4320 | D:5      | Reached skill level 12 in Axes
  4387 | D:5      | Found a staircase to the Ecumenical Temple.
  4396 | Temple   | Entered the Ecumenical Temple
  4803 | D:6      | Noticed Prince Ribbit
  4894 | D:6      | Killed Prince Ribbit
  4964 | D:6      | Reached XP level 9. HP: 73/74 MP: 11/11
  4972 | D:6      | Reached skill level 13 in Axes
  5073 | D:6      | Noticed Maggie
  5094 | D:6      | Gained mutation: You occasionally lose the ability to read
                  | scrolls when taking damage. [potion of mutation]
  5094 | D:6      | Gained mutation: You are strong-willed. (Will+) [potion of
                  | mutation]
  5094 | D:6      | Gained mutation: You expend magic power (3 MP) to
                  | strengthen your wands. [potion of mutation]
  5115 | D:6      | HP: 3/73 [Maggie/+4 antimagic broad axe (8)]
  5117 | D:6      | Killed Maggie
  5363 | D:6      | Noticed a hornet
  5376 | D:6      | Killed a hornet
  5376 | D:6      | HP: 2/74 [poisoned by a hornet]
  5377 | D:6      | Reached skill level 5 in Invocations
  5378 | D:6      | Succumbed to a hornet's poison

Illustrated notes

Levels and vault maps discovered:
D:1:      minmay_arrival_checkered_box, layout_basic
D:2:      layout_rooms, nicolae_titane
D:3:      layout_rooms, nicolae_ru_the_path_less_chosen,
          mainiacjoe_overflow_brackets, nicolae_dithmenos_the_darkroom,
          ebering_ghost_reflecting_pool
D:4:      layout_basic, nicolae_qazlal_scattered_showers, demons_altar,
          uniq_menkaure, uniq_blork_the_orc
D:5:      layout_loops_ring, mainiacjoe_overflow_alcove_2,
          trog_three_pillars_becter, mainiacjoe_overflow_surrounded_room,
          nicolae_gozag_cash_rules_everything_around_me,
          overflow_temple_1_default, lemuel_temple_firewalk_b
D:6:      layout_basic, uniq_maggie, uniq_crazy_yiuf_cottage, uniq_eustachio,
          uniq_prince_ribbit1
Temple:   nicolae_temple_superstar

Skill      XL: |  1  2  3  4  5  6  7  8  9 |
---------------+----------------------------+-----
Fighting       | 4 5 |  5.6
Axes           | 5 6 7 9 11 12 13 | 13.7
Armour         | 1 2 3 |  3.0
Invocations    | 3 5 |  5.1
Dodging        | 3 |  3.0

Action                     |  1- 3 |  4- 6 |  7- 9 || total
---------------------------+-------+-------+-------++-------
  Melee: Hand axe          |   100 |   122 |   164 ||   386
         War axe           |       |       |    25 ||    25
   Fire: Sling             |       |       |     4 ||     4
  Throw: Dart              |       |       |    11 ||    11
 Invoke: Convert to Beogh  |       |     1 |       ||     1
  Evoke: Wand              |       |       |     1 ||     1
    Use: Potion            |       |     3 |     8 ||    11
         Scroll            |       |       |     1 ||     1
 Armour: Robe              |     7 |       |       ||     7
         Chain mail        |    33 |    73 |    12 ||   118
         Plate armour      |       |       |    31 ||    31
  Dodge: Dodged            |    46 |    49 |    30 ||   125
  Block: Orb               |       |     2 |    20 ||    22

Table legend: (Time is in decaauts)
 A = Elapsed time spent in this place.
 B = Non-inter-level travel time spent in this place.
 C = Inter-level travel time spent in this place.
 D = Time resting spent in this place.
 E = Time spent auto-exploring this place.
 F = Levels seen in this place.
 G = Mean time per level.
                   A        B        C        D        E       F      G
               +--------+--------+--------+--------+--------+-----+--------+
         Total |   5348 |   4848 |    500 |   1419 |   2143 |   7 |  764.0 |
       Dungeon |   5341 |   4841 |    500 |   1419 |   2143 |   6 |  890.2 |
        Temple |      6 |      6 |      0 |      0 |      0 |   1 |    6.0 |
               +--------+--------+--------+--------+--------+-----+--------+

Top non-repeatable levels by time:
     D:3: 1392 daAuts
     D:5: 1330 daAuts
     D:1: 711 daAuts
     D:4: 709 daAuts
     D:6: 628 daAuts
     D:2: 568 daAuts
  Temple: 6 daAuts
